 Dungeon Crawl Stone Soup version 0.30.0-29-ga12c61a403 (webtiles) character file.

Game seed: 13614680936486728255

37 seaoflcl the Slasher (level 3, -5/29 HPs)
             Began as a Human Fighter on June 4, 2023.
             Slain by Sigmund
             ... wielding a +0 scythe
              (10 damage)
             ... on level 2 of the Dungeon.
             The game lasted 00:02:11 (948 turns).

seaoflcl the Slasher (Human Fighter)                 Turns: 948, Time: 00:02:12

Health: -5/29      AC: 10    Str: 18    XL:     3   Next: 60%
Magic:  3/3        EV:  9    Int:  8    God:
Gold:   52         SH:  0    Dex: 18    Spells: 2/2 levels left

rFire   . . .        a - +0 long sword
rCold   . . .        c - +0 buckler
rNeg    . . .        b - +0 scale mail
rPois   .            p - +0 helmet
rElec   .            l - +0 cloak
rCorr   .            (no gloves)
SInv    .            n - +0 pair of boots
Will    .....        (no amulet) Stlth
                     m - +6 ring of dexterity
HPRegen 0.24/turn    (no ring)
MPRegen 0.08/turn

%: no passive effects
@: confused, mighty
A: no striking features
a: no special abilities


You were on level 2 of the Dungeon.
You visited 1 branch of the dungeon, and saw 2 of its levels.

You collected 52 gold pieces.

Inventory:

Hand Weapons
 a - a +0 long sword (weapon)
Missiles
 j - 6 curare-tipped darts (quivered)
Armour
 b - a +0 scale mail (worn)
 c - a +0 buckler (worn)
 l - a +0 cloak (worn)
 n - a +0 pair of boots (worn)
 p - a +0 helmet (worn)
Jewellery
 m - a +6 ring of dexterity (left hand)
Scrolls
 e - 2 scrolls of identify {unknown}
 f - a scroll of poison {unknown}
 k - a scroll of enchant weapon {unknown}
 o - a scroll of teleportation {unknown}
Potions
 d - 2 potions of might
 g - 2 potions of curing {unknown}
 h - a potion of lignification {unknown}
 i - a potion of degeneration {unknown}
 q - a potion of attraction {unknown}
 r - a potion of heal wounds {unknown}


   Skills:
 - Level 3.0 Fighting
 * Level 3.4 Long Blades
 - Level 3.0 Armour
 + Level 0.4 Dodging
 + Level 0.2 Stealth
 - Level 3.0 Shields


You had 2 spell levels left.
You didn't know any spells.
Your spell library was empty.

Dungeon Overview and Level Annotations

Branches:
Dungeon (2/15)

Altars:

Annotations:
D:2 Sigmund


Message History

Found a bubbling red potion.
Found 9 gold pieces.
You see here a +0 robe.
g - 2 bubbling red potions (gained 1)
You now have 52 gold pieces (gained 9).
Found 3 stones.
Sigmund and a ball python come into view.
Sigmund shouts!
Sigmund casts a spell at you. The magic dart hits you!
Found a dagger.
You see here a clear potion.
You closely miss the ball python.
The ball python bites you but does no damage.
The ball python barely misses you.
Sigmund casts a spell.
Sigmund flickers and vanishes!
Deactivating autopickup; reactivate with Ctrl-A.
You block the ball python's attack. The ball python grabs you.
The ball python constricts you. Something hits you but does no damage.
You barely miss the ball python. You block the ball python's attack.
The ball python constricts you.
You slash the ball python!
You kill the ball python!
You hear some strange, mumbled words.
A puff of flame appears from out of thin air!
The puff of flame hits you! Something hits you but does no damage.
You see here a ball python corpse.
You hit something. Something hits you but does no damage.
You barely miss something. Something hits you but does no damage.
You completely miss something. Something hits you.
* * * LOW HITPOINT WARNING * * *
You closely miss something. Something hits you.
* * * LOW HITPOINT WARNING * * *
You feel very mighty all of a sudden.
You closely miss something.
You hear some strange, mumbled words.
You are confused.
You slash something! Something hits you!
You die...

#####
###..#.......# .
#..........#.#
##
#.#..........#
.. #.#........#
.. ..#.#....###
... ####.....##
... #........# .
..
#......!####....
..
........@.......
..
....#####{......
.. .... .......
.. ... ...)...
.. .. ....... ##
#.#.... # .#....
.# ###


There were no monsters in sight!

Vanquished Creatures
  A dart slug (D:1)
  2 bats (D:1)
  4 endoplasms (D:1)
  2 giant cockroaches (D:1)
  2 goblins
  2 hobgoblins
  3 jackals (D:2)
  6 kobolds (D:1)
  3 ball pythons
  2 frilled lizards
  5 rats (D:1)
32 creatures vanquished.

Notes
Turn   | Place    | Note
-------+----------+-------------------------------------------
     0 | D:1      | seaoflcl the Human Fighter began the quest for the Orb.
     0 | D:1      | Reached XP level 1. HP: 18/18 MP: 1/1
    90 | D:1      | Reached XP level 2. HP: 24/24 MP: 2/2
   118 | D:1      | Found a faded altar of an unknown god.
   335 | D:1      | Reached XP level 3. HP: 29/29 MP: 3/3
   936 | D:2      | Noticed Sigmund
   948 | D:2      | Slain by Sigmund

Illustrated notes

Levels and vault maps discovered:
D:1:      lightli_molten_gateway, layout_basic,
          hellmonk_ecumenical_altar_defaced_shrine, minmay_pentomino_p2
D:2:      layout_rooms, uniq_jessica, uniq_sigmund

Skill      XL: |  1  2 |
---------------+-------+-----
Long Blades    | 3 |  3.4
Fighting       | |  3.0
Armour         | |  3.0
Dodging        | |  0.4
Stealth        | |  0.2
Shields        | |  3.0

Action                     || total
---------------------------++-------
  Melee: Long sword        ||   108
    Use: Potion            ||     1
 Armour: Scale mail        ||    61
  Dodge: Dodged            ||    47
  Block: Buckler           ||    22
